Map: Divergence LE

Players

Massa - Winner!

  • Race: Terran Terran
  • League: Gold
  • Spawn Location: 11:00

qqq - Winner!

  • Race: Protoss Protoss
  • League: Platinum
  • Spawn Location: 11:00

Zeraphul

  • Race: Zerg Zerg
  • League: Platinum
  • Spawn Location: 5:00

Naavis

  • Race: Zerg Zerg
  • Spawn Location: 5:00

VOD

Have the link to the VOD?

Description

Time

  • Played on: July 25, 2020, 6:01 a.m.
  • Length: 16:40
Show
View Real Time Build Order
Export as new Build Order

Massa Terran - Winner!

Build Orders:  

Get SALT Encoding   

  12  0:02  SCV  
  13  0:15  Supply Depot  
  13  0:18  SCV  
  14  0:32  SCV  
  15  0:38  Barracks  
  15  0:44  SCV  
  16  0:51  Refinery  
  16  0:56  SCV  
  17  1:00  Supply Depot  
  17  1:08  SCV  
  18  1:20  SCV  
  19  1:32  SCV  
  20  1:38  Marine  
  21  1:56  Reaper  
  22  2:02  Orbital Command  
  22  2:11  Command Center  
  22  2:29  Reaper  
  23  2:38  SCV  
  24  2:50  SCV  
  25  2:51  Barracks  
  25  2:55  Refinery, Factory  
  25  3:02  SCV  
  26  3:14  SCV  
  27  3:27  SCV  
  28  3:29  Reaper  
  29  4:01  Reaper  
  30  4:20  Marine  
  30  4:22  Factory Tech Lab  
  30  4:33  Marine  
  30  4:38  Marine  
  32  4:42  Siege Tank  
  35  4:46  Orbital Command  
  35  4:49  SCV  
  35  4:50  Marine  
  37  4:56  Marine  
  38  5:01  SCV  
  39  5:08  Marine  
  39  5:13  SCV  
  41  5:14  Siege Tank  
  41  5:25  SCV  
  41  5:33  Barracks Tech Lab  
  41  5:34  Barracks Reactor  
  41  5:38  SCV  
  41  5:40  SCV  
  43  5:48  Command Center  
  43  5:50  SCV  
  43  5:52  SCV, Supply Depot  
  45  5:59  Stimpack  
  45  6:02  SCV  
  46  6:05  Supply Depot  
  46  6:06  Supply Depot x2  
  46  6:07  Supply Depot x2  
  46  6:08  Supply Depot  
  46  6:09  Supply Depot  
  46  6:13  SCV, Marauder  
  46  6:15  Engineering Bay  
  49  6:20  Armory  
  49  6:24  Refinery  
  49  6:30  Supply Depot  
  49  6:31  Marine x2  
  49  6:32  Supply Depot x2  
  51  6:34  Supply Depot  
  51  6:35  Marauder  
  53  6:43  Barracks  
  53  6:49  Marine x2  
  53  6:50  Missile Turret  
  55  6:54  Supply Depot  
  55  6:56  Marauder  
  57  7:02  Missile Turret  
  57  7:05  Ghost Academy  
  57  7:07  Marine x2  
  59  7:11  Missile Turret, Siege Tank  
  62  7:18  Marauder  
  64  7:23  Missile Turret  
  64  7:24  Marine  
  65  7:31  Marine  
  65  7:32  Missile Turret  
  65  7:35  Barracks Tech Lab  
  66  7:39  Marauder, Concussive Shells  
  66  7:42  Marine  
  66  7:43  Widow Mine  
  71  7:46  Missile Turret  
  71  7:49  Marine  
  72  7:57  Terran Vehicle Weapons Level 1  
  72  7:58  Terran Infantry Weapons Level 1  
  72  7:59  Starport  
  72  8:00  Marauder, Marine  
  72  8:04  SCV x2  
  72  8:05  Widow Mine, Refinery  
  79  8:07  Marine  
  80  8:16  SCV x2  
  80  8:18  Marine  
  83  8:22  Marauder  
  83  8:24  Combat Shield  
  83  8:26  Widow Mine  
  87  8:28  SCV x2  
  89  8:43  Marauder  
  89  8:44  Marine  
  89  8:45  Marauder, Marine  
  89  8:47  Widow Mine  
  97  8:55  SCV x2  
  99  8:56  Orbital Command  
  99  9:02  Marine x2  
  99  9:04  Marauder  
  99  9:06  Marine  
  99  9:07  SCV x2  
  99  9:09  Widow Mine  
  108  9:19  SCV x2  
  108  9:20  Marine x2  
  114  9:24  Marauder  
  114  9:25  Marine  
  114  9:30  Widow Mine, Command Center  
  117  9:36  Medivac  
  117  9:38  Marine x2, Missile Turret  
  119  9:43  Marine  
  122  9:51  Engineering Bay  
  122  9:52  Terran Infantry Armor Level 1, Terran Vehicle And Ship Armor Level 1  
  122  9:59  Missile Turret  
  122  10:06  Medivac  
  124  10:09  Marauder x2  
  124  10:10  Marine x2  
  130  10:20  Missile Turret  
  130  10:23  Widow Mine  
  130  10:28  Marine x2  
  132  10:29  SCV x3  
  132  10:30  Marauder x2  
  141  10:41  SCV x3  
  144  10:43  Missile Turret  
  144  10:44  Widow Mine  
  144  10:45  Medivac  
  144  10:46  Marine  
  144  10:47  Marine  
  150  10:51  Marauder  
  150  10:52  Marauder  
  150  10:53  SCV x2  
  150  10:54  Barracks  
  156  10:58  Factory  
  156  11:04  Marine  
  156  11:05  Widow Mine  
  156  11:07  Missile Turret  
  159  11:13  Marauder x2  
  159  11:15  Medivac  
  165  11:27  Widow Mine, SCV x3  
  165  11:32  Orbital Command  
  170  11:34  Marauder x2  
  170  11:38  Missile Turret  
  170  11:39  SCV x2  
  177  11:40  SCV  
  177  11:42  Terran Infantry Weapons Level 2  
  177  11:50  Nuke  
  177  11:53  Medivac  
  179  11:58  Missile Turret  
  179  12:06  Barracks Tech Lab  
  179  12:19  Missile Turret  
  179  12:27  Factory Tech Lab  
  179  12:39  Supply Depot  
  179  12:40  Missile Turret  
  179  12:41  Supply Depot x2  
  179  12:42  Missile Turret  
  179  12:43  Supply Depot  
  179  12:44  Command Center  
  179  12:47  Barracks Tech Lab, Missile Turret  
  179  13:00  Ghost  
  179  13:01  Thor  
  179  13:02  Ghost, Thor  
  179  13:04  Supply Depot  
  195  13:05  Supply Depot  
  195  13:06  Missile Turret  
  195  13:07  Missile Turret, Supply Depot  
  195  13:08  Supply Depot  
  195  13:29  Ghost, Missile Turret  
  195  13:30  Missile Turret, Supply Depot  
  195  13:31  Ghost, Supply Depot  
  199  13:43  Personal Cloaking  
  199  14:21  Terran Infantry Armor Level 2  
  199  14:24  Terran Vehicle Weapons Level 2  
  199  14:32  Orbital Command  
  199  14:33  SCV  
  192  15:45  Nuke  
  192  15:59  Ghost Academy  
  192  16:11  Ghost Academy x2  
Show
View Real Time Build Order
Export as new Build Order

qqq Protoss - Winner!

Build Orders: Carriers 

Get SALT Encoding   

  12  0:01  Probe  
  13  0:15  Pylon  
  13  0:18  Probe  
  14  0:30  Probe  
  15  0:36  Forge  
  15  0:42  Probe  
  16  0:54  Probe  
  17  1:02  Pylon  
  17  1:06  Probe  
  18  1:38  Pylon  
  18  1:50  Photon Cannon  
  18  1:59  Photon Cannon  
  18  2:05  Photon Cannon  
  18  2:07  Photon Cannon  
  18  2:14  Photon Cannon  
  18  2:38  Pylon  
  17  2:59  Photon Cannon  
  17  3:02  Photon Cannon  
  17  3:18  Gateway  
  17  3:19  Probe  
  18  3:21  Assimilator  
  18  3:26  Assimilator  
  18  3:28  Nexus  
  18  3:34  Probe  
  19  3:46  Probe  
  20  3:58  Probe  
  21  4:05  Pylon  
  21  4:10  Probe  
  21  4:12  Zealot, Cybernetics Core  
  22  4:22  Probe  
  25  4:27  Photon Cannon  
  25  4:34  Probe  
  25  4:36  Photon Cannon  
  26  4:47  Probe  
  27  4:58  Stargate  
  27  4:59  Probe  
  28  5:11  Probe  
  29  5:23  Probe  
  30  5:34  Pylon  
  30  5:35  Probe  
  30  5:39  Stargate  
  30  5:42  Void Ray  
  31  5:47  Probe  
  36  5:54  Nexus  
  36  6:00  Probe  
  36  6:02  Photon Cannon  
  37  6:10  Photon Cannon  
  37  6:13  Probe  
  38  6:23  Phoenix  
  41  6:25  Probe  
  41  6:37  Probe, Phoenix  
  44  6:48  Phoenix  
  44  6:49  Probe  
  47  6:59  Protoss Air Weapons Level 1  
  47  7:02  Probe  
  47  7:08  Probe, Fleet Beacon  
  49  7:13  Assimilator  
  49  7:14  Probe  
  50  7:18  Assimilator  
  50  7:19  Shield Battery  
  50  7:20  Probe  
  51  7:25  Photon Cannon  
  51  7:26  Probe  
  51  7:28  Pylon  
  52  7:32  Probe  
  53  7:38  Probe  
  53  7:40  Void Ray  
  58  7:44  Probe  
  58  7:50  Probe  
  60  7:56  Probe  
  61  8:01  Anion Pulse-Crystals  
  61  8:02  Probe  
  62  8:08  Probe  
  63  8:14  Probe, Carrier  
  70  8:21  Probe  
  70  8:26  Probe  
  72  8:29  Phoenix  
  72  8:33  Probe  
  75  8:35  Stalker  
  77  8:47  Probe x2  
  79  8:54  Void Ray  
  83  8:59  Probe x2  
  85  9:05  Stalker  
  87  9:11  Probe x2  
  87  9:14  Assimilator  
  89  9:18  Void Ray  
  89  9:23  Probe x2  
  95  9:35  Probe x2, Nexus, Stalker  
  95  9:38  Photon Cannon  
  99  9:41  Assimilator  
  99  9:47  Probe x2  
  101  9:57  Pylon  
  101  10:00  Pylon  
  101  10:05  Pylon  
  101  10:07  Pylon  
  101  10:15  Probe, Carrier  
  101  10:18  Nexus  
  108  10:29  Carrier  
  100  10:48  Photon Cannon  
  100  10:50  Pylon  
  100  10:53  Pylon  
  100  10:58  Pylon  
  100  11:01  Pylon  
  100  11:02  Stalker  
  100  11:03  Pylon  
  102  11:13  Pylon  
  102  11:15  Pylon  
  102  11:19  Void Ray  
  106  11:32  Stalker  
  108  11:33  Void Ray  
  108  11:38  Nexus  
  112  11:41  Pylon  
  112  11:44  Pylon  
  112  11:48  Pylon  
  112  11:50  Probe x2, Pylon  
  112  11:52  Shield Battery  
  114  11:56  Photon Cannon x2  
  114  11:58  Mothership  
  114  11:59  Photon Cannon x2  
  114  12:01  Photon Cannon  
  114  12:02  Probe x2, Stalker  
  114  12:03  Photon Cannon  
  126  12:12  Phoenix  
  126  12:14  Probe x2  
  130  12:26  Probe  
  131  12:31  Carrier  
  131  12:32  Stalker  
  139  12:37  Tempest  
  139  12:38  Probe, Pylon  
  145  12:50  Probe  
  146  12:59  Photon Cannon  
  146  13:01  Photon Cannon  
  146  13:02  Probe, Stalker  
  146  13:03  Shield Battery  
  149  13:05  Pylon  
  149  13:09  Pylon  
  149  13:15  Stargate  
  149  13:18  Stargate  
  149  13:20  Void Ray  
  153  13:32  Photon Cannon, Stalker  
  155  13:34  Photon Cannon, Protoss Air Weapons Level 2  
  155  13:35  Void Ray  
  155  13:37  Photon Cannon  
  159  13:42  Photon Cannon  
  159  13:43  Photon Cannon  
  159  13:44  Shield Battery  
  159  14:02  Stalker  
  161  14:03  Carrier  
  167  14:14  Tempest x2  
  177  14:18  Probe x2, Void Ray  
  183  14:30  Probe x2  
  185  14:39  Photon Cannon x2  
  185  14:42  Probe x2  
  185  14:44  Photon Cannon  
  187  14:45  Shield Battery  
  187  14:54  Probe x2  
  187  14:57  Shield Battery, Carrier, Void Ray  
  199  15:03  Photon Cannon  
  199  15:04  Shield Battery  
  199  15:06  Probe  
  200  15:15  Pylon  
  200  15:18  Pylon  
  196  15:23  Pylon  
  196  15:24  Pylon  
  196  15:30  Photon Cannon  
  196  15:32  Photon Cannon  
  196  15:34  Photon Cannon  
  196  15:36  Pylon  
  196  15:39  Pylon  
Show
View Real Time Build Order
Export as new Build Order

Zeraphul Zerg 

Build Orders: Hatch First 

Get SALT Encoding   

  12  0:01  Drone  
  13  0:12  Overlord  
  13  0:18  Drone  
  14  0:31  Drone x2  
  14  0:35  Drone  
  17  0:56  Drone  
  18  0:57  Hatchery  
  18  1:00  Extractor, Drone  
  17  1:10  Drone  
  18  1:20  Spawning Pool  
  17  1:26  Drone  
  17  1:28  Drone  
  19  2:05  Overlord  
  19  2:06  Overlord  
  19  2:09  Zergling x2  
  19  2:14  Queen  
  22  2:24  Zergling x6  
  22  2:28  Zergling x2  
  26  2:39  Zergling x4  
  25  3:09  Roach Warren  
  23  3:29  Metabolic Boost  
  23  3:55  Spine Crawler  
  22  3:58  Spine Crawler  
  22  3:59  Drone, Overlord  
  22  4:00  Spine Crawler, Overlord  
  21  4:17  Queen  
  20  5:47  Lair  
  20  5:49  Drone x3  
  23  5:50  Drone x3  
  26  6:38  Drone  
  27  6:40  Hatchery  
  27  6:47  Drone  
  27  7:02  Spire  
  26  7:14  Spore Crawler  
  25  7:41  Overlord x3  
  25  7:44  Overseer x2  
  25  7:53  Pneumatized Carapace  
  25  7:55  Drone x5  
  25  7:56  Drone x5  
  35  8:03  Extractor  
  34  8:32  Spore Crawler  
  33  8:37  Drone x3  
  36  8:42  Drone x2  
  36  8:43  Drone x3  
  36  8:46  Extractor  
  40  9:05  Overlord x3  
  40  9:14  Drone x2  
  40  9:15  Extractor, Drone  
  42  9:55  Corruptor  
  42  9:56  Corruptor x8  
  53  10:52  Zerg Flyer Weapons Level 1  
  45  11:34  Corruptor  
  45  11:35  Corruptor x2  
  47  11:45  Extractor  
  46  11:56  Spore Crawler  
  46  11:58  Spore Crawler  
  46  11:59  Spore Crawler  
  46  12:00  Spore Crawler x2  
  41  12:08  Spore Crawler  
  41  12:14  Drone x4  
  41  12:15  Drone x2  
  46  12:16  Drone x2  
  48  12:44  Infestation Pit  
  47  13:31  Swarm Host x2  
  53  13:37  Corruptor  
  53  13:38  Corruptor x5  
  65  14:01  Zerg Flyer Weapons Level 2  
  50  15:27  Corruptor x3  
Show
View Real Time Build Order
Export as new Build Order

Naavis Zerg 

Build Orders: Pool First 

Get SALT Encoding   

  12  0:04  Drone  
  13  0:15  Drone  
  13  0:20  Overlord  
  14  0:35  Overlord  
  14  0:36  Overlord  
  14  0:52  Spawning Pool  
  14  0:53  Drone  
  14  0:56  Drone  
  15  1:32  Drone x2, Extractor  
  16  1:33  Drone  
  16  1:38  Hatchery  
  16  1:48  Zergling x2  
  17  2:02  Zergling x2  
  17  2:03  Queen  
  18  2:47  Zergling x6  
  21  3:05  Zergling x2  
  22  3:18  Zergling x2  
  22  3:19  Zergling x2  
  22  3:20  Zergling x4  
  23  3:48  Zergling x4  
  23  3:49  Zergling x6  
  26  3:59  Spine Crawler  
  19  4:25  Spine Crawler  
  19  4:26  Spine Crawler  
  19  4:28  Spine Crawler  
  16  4:38  Queen  
  18  4:52  Metabolic Boost  
  18  4:55  Zergling x8  
  18  4:56  Zergling x4  
  24  5:08  Drone  
  25  5:34  Drone x2  
  27  5:52  Lair  
  27  5:58  Extractor  
  26  6:16  Hatchery  
  25  6:31  Drone x3  
  25  6:32  Drone x2  
  30  6:33  Drone  
  31  6:51  Spore Crawler  
  30  6:57  Spore Crawler  
  30  6:59  Drone x2  
  31  7:02  Spore Crawler  
  30  7:11  Drone x2  
  30  7:12  Drone x2  
  34  7:30  Spire  
  34  7:36  Drone, Queen  
  36  7:53  Drone x2  
  38  8:13  Drone x2  
  38  8:18  Extractor  
  39  8:20  Extractor  
  39  8:27  Drone x4  
  39  8:28  Drone x2  
  39  8:31  Overlord  
  44  8:47  Overlord x2  
  44  8:52  Drone  
  44  8:53  Drone  
  44  8:54  Overlord  
  46  9:26  Pneumatized Carapace  
  46  9:31  Drone x4  
  49  9:32  Drone  
  51  10:01  Spore Crawler  
  51  10:06  Spore Crawler  
  47  10:38  Mutalisk x4  
  47  10:39  Mutalisk x3  
  61  10:48  Drone x4  
  61  10:49  Drone x2  
  62  11:02  Overlord x2  
  54  11:40  Mutalisk x2  
  54  11:41  Mutalisk x4  
  66  12:06  Queen  
  68  12:19  Spore Crawler x3  
  68  12:20  Spore Crawler  
  68  12:21  Drone x2, Spore Crawler  
  68  12:22  Drone  
  66  12:23  Spore Crawler  
  65  13:00  Hatchery  
  64  13:35  Overlord x3  
  64  13:39  Mutalisk x2  
  64  13:40  Mutalisk x4  
  64  13:41  Mutalisk x4  
  76  13:43  Overlord  
  80  14:16  Drone  
  81  14:18  Queen  
  83  14:46  Drone x3  
  86  15:00  Drone  
  87  15:08  Mutalisk x5  
  87  15:09  Mutalisk  
  99  15:27  Overseer  
  99  15:29  Overseer  
  99  15:41  Drone x5  
  104  15:51  Mutalisk x3  
  104  15:52  Mutalisk x2  
  104  15:56  Drone x2  
  116  16:04  Mutalisk  
  116  16:05  Mutalisk x3  
Tags
 
Add a new tag
Caveats
  • Supply blocks, unpowered buildings, or Contaminate may cause inaccurate times.
  • Supply counts are checked every 10 seconds.